 Dungeon Crawl Stone Soup version 0.15-a0-809-g8e1b895 (webtiles) character file.

29 4tharraofdagon the Insei (level 3, -2/20 HPs)
             Began as a Kobold Transmuter on May 14, 2014.
             Slain by Grinder (9 damage)
             ... while paralysed by Grinder
             ... on Level 3 of the Dungeon.
             The game lasted 00:02:58 (583 turns).

4tharraofdagon the Insei (Kobold Transmuter)         Turns: 583, Time: 00:02:58

HP  -2/20        AC  2     Str  9      XL: 3   Next: 32%
MP   3/6         EV  5     Int 11      God:
Gold 43          SH  0     Dex 21      Spells:  2 memorised,  2 levels left

rFire  . . .     SeeInvis .       - Unarmed
rCold  . . .     Clarity  .     c - melded +0 robe
rNeg   . . .     Conserve .     (shield currently unavailable)
rPois  x         rCorr    .     (helmet currently unavailable)
rElec  .         rRot     .     (cloak currently unavailable)
SustAb . .       Spirit   .     (gloves currently unavailable)
rMut   .         Warding  .     (boots currently unavailable)
Gourm  .         Stasis   .     (no amulet)
MR     .....                    (no ring)
                                (no ring)

@: spider-form (expiring), paralysed, quick, not resistant to hostile
enchantments, unstealthy
A: disease resistance, carnivore 3
a: End Transformation


You were on level 3 of the Dungeon.
You were very full.
You were in spider-form.
You visited 1 branch of the dungeon, and saw 3 of its levels.

You collected 43 gold pieces.

Inventory:

Missiles
 b - 12 arrows
 n - 21 stones (quivered)
Armour
 c - a +0 robe (melded)
Comestibles
 a - a meat ration
Scrolls
 g - a scroll of blinking {unknown}
 h - a scroll of noise {unknown}
 i - 2 scrolls of identify {unknown}
 j - a scroll of remove curse {unknown}
 k - a scroll of enchant weapon II {unknown}
 m - a scroll of immolation {unknown}
Potions
 e - a potion of curing {unknown}
 f - a potion of heal wounds
 l - 2 potions of agility {unknown}
Books
 d - a book of Changes

   Spells                             Type                      Level
   *Beastly Appendage                 Transmutation                1
   Sticks to Snakes                   Transmutation                2
   *Spider Form                       Transmutation/Poison         3
   Ice Form                           Ice/Transmutation            4
   Blade Hands                        Transmutation                5


   Skills:
 + Level 1.4 Fighting
 + Level 2.8 Dodging
 * Level 3.5 Unarmed Combat
 + Level 2.3 Spellcasting
 + Level 1.9 Transmutations


You had 2 spell levels left.
You knew the following spells:

 Your Spells              Type           Power        Failure   Level  Hunger
a - Beastly Appendage     Trmt           #.....       32%         1    ##.....
b - Spider Form           Trmt/Pois      #.........   80%         3    ####...


Dungeon Overview and Level Annotations

Branches:
Dungeon (3/15)

Altars:
Zin

Annotations:
D:3 Grinder


Innate Abilities, Weirdness & Mutations

You recuperate from illness quickly.
You are small and have problems with some larger weapons.
You are carnivorous and can eat meat at any time.


Message History

You close the door.
Casting: Beastly Appendage
Confirm with . or Enter, or press ? or * to list all spells.
You turn into a venomous arachnid creature.
Your +0 robe melds into your body.
You open the door.
Your transformation is almost over.
You hit Grinder.
Grinder is lightly wounded.
Grinder completely misses you.
You hit Grinder.
Grinder is moderately wounded.
Grinder gestures at you.
You suddenly lose the ability to move!
Grinder gestures at you.
You struggle to resist.
Grinder barely misses you. Grinder hits you!
You writhe in agony.
Grinder hits you!
You die...

.. .. #5# #.. ..
##.# #..#
##5######
#..s.)<.#
#>......#
#.......#
#########.......#
........'.......#
#########.......#
#.......#
##'###### #..%<#


You could see Grinder.

Vanquished Creatures
  An adder (D:3)
  An ooze (D:2)
  4 bats
  A goblin (D:2)
  2 hobgoblins
  3 jackals (D:3)
  A kobold (D:2)
  2 giant cockroaches (D:2)
  A giant newt (D:2)
  2 rats
18 creatures vanquished.

Notes
Turn   | Place    | Note
--------------------------------------------------------------
     0 | D:1      | 4tharraofdagon, the Kobold Transmuter, began the quest for the Orb.
     0 | D:1      | Reached XP level 1. HP: 12/12 MP: 3/3
     3 | D:2      | Found a glowing silver altar of Zin.
   117 | D:2      | Reached XP level 2. HP: 14/16 MP: 4/4
   360 | D:3      | Reached XP level 3. HP: 18/20 MP: 6/6
   365 | D:3      | Learned a level 3 spell: Spider Form
   572 | D:3      | Noticed Grinder
   579 | D:3      | Paralysed by Grinder for 7 turns
   583 | D:3      | Slain by Grinder

Action                   || total
-------------------------++-------
Melee: Unarmed           ||    75
 Cast: Beastly Appendage ||     9
       Spider Form       ||     1
  Use: Potion            ||     1

Vault maps used:
D:1:      dpeg_arrival_refuge, serial_forest, infiniplex_forest_clump_large,
          infiniplex_forest_clump_double, infiniplex_forest_corner_1,
          infiniplex_forest_straight_3, infiniplex_forest_pool,
          infiniplex_forest_clump_long, infiniplex_forest_lined_room_2,
          infiniplex_forest_straight_1, infiniplex_forest_clump_C,
          infiniplex_forest_clump_curved, roderic_serpentine_path,
          minmay_quantized
D:2:      roderic_nine_men_s_morris, kennysheep_flooded_box, minivault_25,
          minmay_liquid_box, due_unseen_surprise
D:3:      grunt_temple_overflow_gold_and_silver, first_bread, uniq_terence,
          uniq_grinder
